 Dungeon Crawl Stone Soup version 0.30-a0-738-g116ff8c4af (webtiles) character file.

Game seed: 3524786164621022973

4 M4edhros the Insei (level 1, 0/19 HPs)
             Began as an Octopode Transmuter on Feb 2, 2023.
             Slain by a goblin
             ... wielding a +0 dagger
             ... led by Robin
              (2 damage)
             ... on level 2 of the Dungeon.
             The game lasted 00:00:33 (144 turns).

M4edhros the Insei (Octopode Transmuter)             Turns: 144, Time: 00:00:34

Health: 0/19       AC: 20    Str:  9    XL:     1   Next: 70%
Magic:  3/3        EV:  2    Int: 15    God:
Gold:   0          SH:  0    Dex: 12    Spells: 3/4 levels left

rFire   + . .      SeeInvis .      - Unarmed
rCold   + . .      Faith    .    (no shield)
rNeg    . . .      Spirit   .    (helmet currently unavailable)
rPois   +          Reflect  .    (no amulet)
rElec   +          Harm     .    (no ring)
rCorr   +          Rampage  .    (no ring)
Will    .....      NoTele   +    (no ring)
Stlth   +                        (no ring)
HPRegen 0.23/turn                (no ring)
MPRegen 0.08/turn                (no ring)
                                 (no ring)
                                 (no ring)

@: tree-form, resistant
A: stationary, stasis, torment immunity, boosted hp, almost no armour,
(amphibious), 8 rings, (camouflage 1), (gelatinous body 1), (nimble swimmer 1),
(tentacles)
a: no special abilities


You were on level 2 of the Dungeon.
You were a tree.
You visited 1 branch of the dungeon, and saw 2 of its levels.

Inventory:

Potions
 b - a potion of resistance


   Skills:
 - Level 1.0 Fighting
 - Level 2.0 Dodging
 + Level 3.1 Unarmed Combat
 - Level 2.0 Spellcasting
 + Level 2.2 Transmutations


You had 3 spell levels left.
You knew the following spells:

 Your Spells              Type           Power      Damage    Failure   Level
a - Beastly Appendage     Tmut           16%        N/A       9%          1

Your spell library contained the following spells:

 Spells                   Type           Power      Damage    Failure   Level
 Wereblood                Tmut           8%         N/A       14%         2
 Spider Form              Tmut/Pois      4%         N/A       38%         3
 Ice Form                 Ice/Tmut       4%         N/A       80%         4


Dungeon Overview and Level Annotations

Branches:
Dungeon (2/15)

Altars:

Annotations:
D:2 Robin


Innate Abilities, Weirdness & Mutations

You are a tree.
Your roots penetrate the ground, keeping you stationary.
You cannot be teleported.
You are immune to unholy pain and torment.
Your maximum health is greatly increased.
You cannot wear most types of armour.
((You are amphibious.))
You can wear up to eight rings at the same time.
((Your skin changes colour to match your surroundings (Stealth+).))
((Your rubbery body absorbs attacks. (AC +1, EV +1)))
((You are camouflaged when in or above water. (Stealth+)))
((You have tentacles for arms and can constrict up to eight enemies at once.))


Message History

You feel invigorated.
You start waiting.
You feel less invigorated.
You feel less confused.
There is a shaft here.
You fall into a shaft and drop 1 floor!
The shaft crumbles and collapses.
Level annotation: Robin
Found a leather armour and 7 stones.
Unknown command.
You see here 7 stones.
The goblin shouts!
You see here a +4 ring of protection.
The goblin shouts! x2
The goblin shouts!
The bat barely misses you. The goblin misses you. The bat barely misses you.
You see here 8 stones.
You tentacle-slap the bat. Your grab misses the bat.
The bat is moderately wounded.
The bat closely misses you. The goblin closely misses you.
The goblin barely misses you.
You closely miss the goblin. You grab the goblin. You constrict the goblin.
The goblin hits you with a +0 dagger. The goblin barely misses you.
The goblin hits you with a +0 club.
You release your grip on the goblin.
The goblin attacks as you move away! The goblin barely misses you.
The goblin attacks as you move away! The goblin hits you with a +0 dagger.
The goblin attacks as you move away! The goblin hits you with a +0 dagger.
* * * LOW HITPOINT WARNING * * *
Robin roars a battlecry!
The goblins go into a battle-frenzy!
You see here a +4 ring of protection.
Okay, then.
You aren't carrying any items that you can evoke.
Okay, then.
You aren't carrying any scrolls.
Really quaff the potion of lignification?
You turn into a tree.
Your roots penetrate the ground.
The goblin hits you with a +0 dagger.
You die...

#.#[# #.#.# # #.#.#
###.#.#.# #...#.#(#
### #.#.....# ...
##.....#####.#####
...................
...........♣#.#.
#####.#####g#
.........#.#
###...#..#g#.#
..<......gb..#
.##..#g##g#.#
.........gg#.#
..##..#.#.g# #
#..g.....$


You could see Robin, 2 hobgoblins, 4 goblins and a bat.

Vanquished Creatures
  A goblin (D:1)
  2 hobgoblins (D:1)
  A kobold (D:1)
4 creatures vanquished.

Notes
Turn   | Place    | Note
-------+----------+-------------------------------------------
     0 | D:1      | M4edhros the Octopode Transmuter began the quest for the
                  | Orb.
     0 | D:1      | Reached XP level 1. HP: 13/13 MP: 3/3
    14 | D:2      | Noticed Robin
   124 | D:1      | You fall into a shaft and drop 1 floor!
   144 | D:2      | Slain by a goblin

Illustrated notes

Levels and vault maps discovered:
D:1:      lightli_arrival_maybe_door_vault, layout_basic
D:2:      layout_basic, minmay_cupped, uniq_robin

Action                     || total
---------------------------++-------
  Melee: Unarmed           ||    13
         Constrict         ||     6
         Tentacles         ||     2
    Use: Potion            ||     3
 Armour: Skin              ||     1
  Dodge: Dodged            ||    14

Table legend: (Time is in decaauts)
 A = Elapsed time spent in this place.
 B = Non-inter-level travel time spent in this place.
 C = Inter-level travel time spent in this place.
 D = Time resting spent in this place.
 E = Time spent auto-exploring this place.
 F = Levels seen in this place.
 G = Mean time per level.
                   A        B        C        D        E       F      G
               +--------+--------+--------+--------+--------+-----+--------+
         Total |    143 |    143 |      0 |     44 |     28 |   2 |   71.5 |
       Dungeon |    143 |    143 |      0 |     44 |     28 |   2 |   71.5 |
               +--------+--------+--------+--------+--------+-----+--------+

Top non-repeatable levels by time:
     D:1: 120 daAuts
     D:2: 23 daAuts
